 Dungeon Crawl Stone Soup version 0.24-a0-528-g98e85ec (webtiles) character file.

Game seed: 10327308618090607592

627 BoppinsLewinski the Ruffian (level 7, 0/91 HPs)
             Began as a Yellow Draconian Monk on Aug 6, 2019.
             Was a Believer of Cheibriados.
             Slain by an orc wizard
             ... wielding a +0 dagger
              (1 damage)
             ... on level 4 of the Dungeon.
             The game lasted 00:09:57 (5063 turns).

BoppinsLewinski the Ruffian (Yellow Draconian Monk) Turns: 5063, Time: 00:09:57

Health: 0/91       AC: 23    Str: 19    XL:     7   Next: 23%
Magic:  7/7        EV:  2    Int: 14    God:    Cheibriados [**....]
Gold:   127        SH:  0    Dex: 23    Spells: 6/6 levels left

rFire    . . .     SeeInvis .     - Unarmed
rCold    . . .     Gourm    .   (no shield)
rNeg     + + +     Faith    .   (armour unavailable)
rPois    +         Spirit   .   (helmet currently unavailable)
rElec    .         Reflect  .   (cloak currently unavailable)
rCorr    .         Harm     .   (gloves currently unavailable)
MR       .....     NoTele   +   (boots currently unavailable)
Stlth    +++.......             (no amulet)
HPRegen  0.25/turn              (no ring)
MPRegen  0.10/turn              (no ring)

@: agile, short of breath, tree-form, very slow
A: (spit acid), unfitting armour, AC +6
a: Bend Time, Renounce Religion


You were on level 4 of the Dungeon.
You worshipped Cheibriados.
Cheibriados was pleased with you.
You were not hungry.
You were a tree.
You visited 1 branch of the dungeon, and saw 4 of its levels.

You collected 127 gold pieces.

Inventory:

Armour
 e - a +0 pair of gloves (melded)
Jewellery
 p - an uncursed ring of protection from magic {unknown}
 q - an uncursed ring of protection from cold {unknown}
Wands
 d - a wand of disintegration (14)
Scrolls
 b - 2 scrolls of remove curse {unknown}
 c - a scroll of teleportation {unknown}
 f - a scroll of fear {unknown}
 g - a scroll of noise {unknown}
 i - 2 scrolls of identify {unknown}
 k - a scroll of enchant armour {unknown}
 l - a scroll of magic mapping {unknown}
 m - a scroll of immolation {unknown}
 o - a scroll of amnesia {unknown}
 r - a scroll of fog {unknown}
Potions
 h - a potion of haste
Comestibles
 a - 3 rations
 s - a chunk of flesh


   Skills:
 + Level 5.4 Fighting
 + Level 4.4 Dodging
 - Level 1.7 Stealth
 * Level 6.3 Unarmed Combat


You had 6 spell levels left.
You didn't know any spells.
Your spell library contained the following spells:

 Spells                   Type           Power        Failure   Level  Hunger
 Animate Skeleton         Necr           N/A          28%         1    ##.....
 Apportation              Tloc           #.....       28%         1    ##.....
 Confusing Touch          Hex            #.....       28%         1    ##.....
 Summon Small Mammal      Summ           #...         28%         1    ##.....


Dungeon Overview and Level Annotations

Branches:
Dungeon (4/15)
 Temple: D:4-7

Altars:
Cheibriados
Dithmenos
Elyvilon
Nemelex Xobeh
Qazlal
Trog
Vehumet
Wu Jian
Zin

Shops:
D:4 :


Innate Abilities, Weirdness & Mutations

((You can spit globs of acid.))
((Your golden yellow scales are hard. (AC +6)))
You cannot fit into any form of body armour.
((You are cold-blooded and may be slowed by cold attacks.))
((You are resistant to acid. (rCorr)))


Message History

A puff of flame appears from out of thin air!
The puff of flame hits you!
* * * LOW HITPOINT WARNING * * *
The orc hits you but does no damage. Something hits you but does no damage.
Things that are here:
a cursed -1 long sword; a +0 chain mail Unknown command.
It was a potion of lignification.
You turn into a tree.
Your +0 pair of gloves melds into your body.
Your roots penetrate the ground.
Something hits you but does no damage. The orc wizard barely misses you.
You hear some strange, mumbled words.
A puff of frost appears from out of thin air!
The puff of frost hits you!
* * * LOW HITPOINT WARNING * * *
Unknown command.
You completely miss something.
The orc wizard hits you but does no damage.
Something hits you.
You die...

#.#
#.............#
#._.# #.#
+.............#
##.## #.#
#.............#
### #.#
####'##########
#.# #.# #.# #.#
#.# #.# #.#
#.######### ..#
#{♣oo...... ###
###########


You could see an orc wizard and an orc.

Vanquished Creatures
  An orc warrior (D:4)
  An ogre (D:4)
  A scorpion (D:4)
  2 crimson imps
  2 orc priests (D:3)
  An orc wizard (D:3)
  Jessica (D:2)
  A worker ant (D:2)
  A hound skeleton (D:4)
  9 adders
  2 oozes (D:1)
  An adder skeleton (D:4)
  A worm (D:3)
  3 dart slugs
  2 leopard geckos
  10 orcs
  2 giant cockroaches
  4 goblins
  3 hobgoblins
  4 jackals (D:3)
  2 quokkas
  3 ball pythons
  8 bats
  6 frilled lizards
  2 giant cockroach zombies (D:1)
  9 kobolds
  5 rats
87 creatures vanquished.

Vanquished Creatures (others)
  A quokka (D:3)
1 creature vanquished.

Grand Total: 88 creatures vanquished

Notes
Turn   | Place    | Note
-------+----------+-------------------------------------------
     0 | D:1      | BoppinsLewinski the Draconian Monk began the quest for the
                  | Orb.
     0 | D:1      | Reached XP level 1. HP: 19/19 MP: 1/1
   378 | D:1      | Reached XP level 2. HP: 21/26 MP: 2/2
  1091 | D:2      | Found a stormy altar of Qazlal.
  1093 | D:2      | Found a radiant altar of Vehumet.
  1143 | D:2      | Noticed Jessica
  1155 | D:2      | Killed Jessica
  1155 | D:2      | Reached XP level 3. HP: 19/33 MP: 3/3
  1395 | D:2      | Reached skill level 4 in Unarmed Combat
  1409 | D:2      | Found a shadowy altar of Dithmenos.
  1410 | D:2      | Found a bloodstained altar of Trog.
  1532 | D:2      | Reached XP level 4. HP: 14/40 MP: 4/4
  2164 | D:2      | Reached XP level 5. HP: 45/46 MP: 5/5
  2339 | D:3      | Found a shadowy altar of Dithmenos.
  2652 | D:3      | Reached skill level 5 in Unarmed Combat
  2723 | D:3      | Reached XP level 6. HP: 29/53 MP: 6/6
  3005 | D:3      | Found a white marble altar of Elyvilon.
  4184 | D:4      | Reached skill level 5 in Fighting
  4542 | D:4      | Found Joiperul's Book Emporium.
  4592 | D:4      | Found a snail-covered altar of Cheibriados.
  4645 | D:4      | Became a worshipper of Cheibriados the Contemplative
  4645 | D:4      | Reached * piety under Cheibriados
  4645 | D:4      | Reached ** piety under Cheibriados
  4689 | D:4      | Found a sparkling altar of Nemelex Xobeh.
  4692 | D:4      | Found an ornate altar of the Wu Jian Council.
  4695 | D:4      | Found a glowing silver altar of Zin.
  4726 | D:4      | Reached skill level 6 in Unarmed Combat
  4726 | D:4      | Your scales start taking on a golden yellow colour.
  4726 | D:4      | Reached XP level 7. HP: 37/61 MP: 7/7
  4726 | D:4      | Gained mutation: You are resistant to acid. (rCorr) [Yellow
                  | Draconian growth]
  5062 | D:4      | HP: 1/91 [something/puff of frost (7)]
  5063 | D:4      | Slain by an orc wizard

Levels and vault maps discovered:
D:1:      saegor_arrival_fortress, layout_basic, hangedman_decor_points
D:2:      layout_basic, chequers_temple_overflow_statue_of_worship,
          gammafunk_temple_overflow_pools, uniq_jessica
D:3:      layout_loops_corners, elyvilon_altar_4,
          grunt_dithmenos_smoke_and_mirrors
D:4:      layout_basic, kennysheep_little_box, grunt_temple_overflow_diamond,
          first_ration, serial_shops, kennysheep_mini_moat

Skill      XL: |  1  2  3  4  5  6 |
---------------+-------------------+-----
Dodging        | 3 4 |  4.4
Unarmed Combat | 4 5 6 |  6.3
Fighting       | 4 5 |  5.4
Stealth        | |  1.7

Action                   |  1- 3 |  4- 6 |  7- 9 || total
-------------------------+-------+-------+-------++-------
Melee: Unarmed           |   137 |   234 |    17 ||   388
       Tailslap          |    13 |    38 |     4 ||    55
       Punch             |       |    10 |     2 ||    12
 Abil: Breathe Acid      |       |       |     1 ||     1
  Use: Potion            |     2 |     4 |     2 ||     8
 Stab: Sleeping          |     4 |     6 |     1 ||    11
  Eat: Chunk             |     1 |     3 |     2 ||     6
       Ration            |       |     2 |       ||     2
Armor: Skin              |    38 |    57 |     7 ||   102
Dodge: Dodged            |   106 |   142 |     8 ||   256

Table legend:
 A = Non-vault XP
 B = Vault XP
 C = Vault XP percentage of total XP
 D = Non-vault monster count
 E = Vault monster count
 F = Vault count percentage of total count
                 A         B        C        D         E       F
            +---------+---------+-------+---------+---------+-------
      Total |     857 |      39 |   4.4 |      84 |       3 |   3.4
            +---------+---------+-------+---------+---------+-------
        D:1 |      28 |       2 |   6.7 |      15 |       2 |  11.8
        D:2 |     150 |      37 |  19.8 |      23 |       1 |   4.2
        D:3 |     305 |       0 |   0.0 |      33 |       0 |   0.0
        D:4 |     374 |       0 |   0.0 |      13 |       0 |   0.0
            +---------+---------+-------+---------+---------+-------
